 Dungeon Crawl Stone Soup version 0.31.0-11-ge490571c62 (webtiles) character file.

Game seed: 16700906758110572178

44 protoss039 the Ruffian (level 3, 0/27 HPs)
             Began as a Demonspawn Shapeshifter on Jan 31, 2024.
             Slain by a gnoll
             ... wielding a +0 flail
              (7 damage)
             ... on level 2 of the Dungeon.
             The game lasted 00:03:28 (856 turns).

protoss039 the Ruffian (Demonspawn Shapeshifter)     Turns: 856, Time: 00:03:29

Health: 0/27       AC:  8    Str: 14    XL:     3   Next: 39%
Magic:  3/3        EV:  7    Int: 12    God:
Gold:   23         SH:  0    Dex: 12    Spells: 2/2 levels left

rFire   . .          .
                       - Unarmed
rCold   + . .        (no shield)
rNeg    . . .        h - +0 chain mail
rPois   .            (helmet currently unavailable)
rElec   .            (cloak currently unavailable)
rCorr   .            (gloves currently unavailable)
SInv    .            (boots currently unavailable)
Will    .....        (no amulet) Stlth
                     f - ring of protection from cold
HPRegen 0.24/turn    (no ring)
MPRegen 0.08/turn

%: no passive effects
@: beast-form
A: beast (slay +1), foul stench 1
a: Begin Untransformation


You were on level 2 of the Dungeon.
You were a hulking beast.
You visited 1 branch of the dungeon, and saw 2 of its levels.

You collected 23 gold pieces.

Inventory:

Hand Weapons
 g - a +0 dagger
Armour
 h - a +0 chain mail (worn)
Jewellery
 f - a ring of protection from cold (left hand)
Talismans
 c - a beast talisman
 d - a flux talisman
Scrolls
 a - 2 scrolls of brand weapon {unknown}
 e - 4 scrolls of teleportation {unknown}
Potions
 b - 3 potions of lignification
 i - a potion of haste {unknown}
 j - a potion of curing {unknown}
 k - a potion of enlightenment {unknown}


   Skills:
 + Level 1.7 Fighting
 * Level 1.1 Armour
 + Level 2.2 Dodging
 + Level 3.0 Unarmed Combat
 + Level 2.9 Shapeshifting


You had 2 spell levels left.
You didn't know any spells.
Your spell library contained the following spells:

 Spells                   Type           Power      Damage    Failure   Level
 Gell's Gravitas          Tloc           0%         N/A       100%        3
 Teleport Other           Tloc           0%         N/A       100%        3
 Dispersal                Tloc           0%         N/A       100%        6


Dungeon Overview and Level Annotations

Branches:
Dungeon (2/15) Zot: 11147

Altars:
Ru

Shops:
D:1 =[   D:2 [


Innate Abilities, Weirdness & Mutations

You are a hulking beast.
Your limbs bulge with bestial killing power. (Slay +1)
You may rarely emit foul miasma when damaged in melee.


Message History

A hobgoblin is nearby!
The hobgoblin hits you.
A hobgoblin is nearby!
You hit the hobgoblin.
The hobgoblin is heavily wounded.
A hobgoblin is nearby!
You barely miss the hobgoblin.
The hobgoblin is heavily wounded.
The hobgoblin barely misses you.
A hobgoblin is nearby!
You hit the hobgoblin.
You kill the hobgoblin!
A gnoll is nearby!
The gnoll shouts! x3
There are monsters nearby!
You barely miss the gnoll. The gnoll hits you with a +0 flail!
There are monsters nearby!
You hit the gnoll but do no damage. The gnoll hits you with a +0 flail!
There are monsters nearby!
You are too injured to fight recklessly!
There are monsters nearby!
The gnoll attacks as it pursues you! The gnoll closely misses you.
Unknown command.
The gnoll attacks as it pursues you! The gnoll hits you but does no damage.
Unknown command.
The gnoll attacks as it pursues you! The gnoll hits you with a +0 flail.
You emit a cloud of foul miasma!
Unknown command.
The gnoll is engulfed in dark miasma.
The gnoll is poisoned.
The gnoll attacks as it pursues you! The gnoll closely misses you.
Unknown command.
Unknown command.
The gnoll attacks as it pursues you! The gnoll hits you with a +0 flail.
* * * LOW HITPOINT WARNING * * *
Unknown command.
Unknown command.
You punch the gnoll!
The gnoll is severely wounded.
The gnoll hits you with a +0 flail!
You die...

### #.# #.#######
#.....h.#
#.#####g# #.# #.#
####### #.#
#.####.....# #.#
#.g..g.....# #.#
######gg...# #.#
###.........######
#.#
#>...............g
#.#
#.#.#.#.....##...#


You could see 2 gnolls.

Vanquished Creatures
  A gnoll (D:1)
  A dart slug (D:1)
  3 bats
  3 endoplasms
  A giant cockroach (D:1)
  2 goblins
  A hobgoblin (D:2)
  4 jackals
  A quokka (D:1)
  A ball python (D:2)
  4 frilled lizards
  4 kobolds
  6 rats
32 creatures vanquished.

Notes
Turn   | Place    | Note
-------+----------+-------------------------------------------
     0 | D:1      | protoss039 the Demonspawn Shapeshifter began the quest for
                  | the Orb.
     0 | D:1      | Reached XP level 1. HP: 15/15 MP: 1/1
   189 | D:1      | Gained mutation: You may rarely emit foul miasma when
                  | damaged in melee. [demonic ancestry]
   189 | D:1      | Reached XP level 2. HP: 21/21 MP: 2/2
   262 | D:1      | Found Foiv's Jewellery Emporium.
   466 | D:2      | Found Keasil's Antique Armour Emporium.
   609 | D:2      | Found a sacrificial altar of Ru.
   622 | D:1      | Reached XP level 3. HP: 25/26 MP: 3/3
   634 | D:2      | Reached skill level 1 in Armour
   687 | D:2      | Reached skill level 3 in Unarmed Combat
   856 | D:2      | Slain by a gnoll

Illustrated notes

Levels and vault maps discovered:
D:1:      onia_arrival_pyramid, layout_rooms, serial_shops, shop
D:2:      layout_basic, serial_shops, shop, basic_altar

Skill      XL: |  1  2  3 |
---------------+----------+-----
Dodging        | 2 |  2.2
Armour         | 1 |  1.1
Unarmed Combat | 3 |  3.0
Fighting       | |  1.7
Shapeshifting  | |  2.9

Action                     || total
---------------------------++-------
  Melee: Unarmed           ||    94
         Punch             ||     3
 Armour: Chain mail        ||    86
         Animal skin       ||     4
  Dodge: Dodged            ||    43
